 Dungeon Crawl Stone Soup version 0.21.0-3-g78d12a8 (webtiles) character file.

5283 Firecrotchwizard the Destroyer (level 10, -3/73 HPs)
             Began as a Demonspawn Fire Elementalist on Jan 11, 2018.
             Was a Follower of Vehumet.
             Slain by an acid dragon (6 damage)
             ... on level 9 of the Dungeon on Jan 12, 2018.
             The game lasted 00:36:43 (12668 turns).

Firecrotchwizard the Destroyer (DsFE)              Turns: 12668, Time: 00:36:43

Health: -3/73      AC:  0    Str: 10    XL:     10   Next: 37%
Magic:  11/33      EV: 15    Int: 21    God:    Vehumet [*.....]
Gold:   609        SH:  6    Dex: 14    Spells: 6/20 levels left

rFire    + . .     SeeInvis .   F - staff of power {MP+17, !a}
rCold    + + .     Gourm    .   (no shield)
rNeg     . . .     Faith    .   E - +0 robe {rC+ rF+}
rPois    .         Spirit   .   x - +1 helmet {Int+3}
rElec    .         Reflect  .   (no cloak)
rCorr    .         Harm     .   (no gloves)
MR       +....                  (no boots)
Stlth    ++++......             (no amulet)
HPRegen  0.22/turn              g - ring of protection from magic {MR+, !d}
MPRegen  0.23/turn              t - ring of stealth {Stlth+}

@: corroded
A: claws 1, large bone plates 2, cold resistance 1, nightstalker 1
a: Renounce Religion


You were on level 9 of the Dungeon.
You worshipped Vehumet.
Vehumet was aware of your devotion.
You were not hungry.

You visited 2 branches of the dungeon, and saw 10 of its levels.

You collected 609 gold pieces.

Inventory:

Hand Weapons
 e - a +0 club
   (You took it off a goblin on level 1 of the Dungeon)
 n - a +0 dagger
   (You took it off a goblin on level 2 of the Dungeon)
 v - a +3 dagger of speed
   (You found it on level 3 of the Dungeon)
 y - a +1 mace of draining
   (You took it off an orc on level 7 of the Dungeon)
 C - a +1 whip of electrocution
   (You found it on level 5 of the Dungeon)
 G - a +0 dagger of venom
   (You took it off an orc wizard on level 6 of the Dungeon)
 J - a cursed +1 hand axe of freezing
   (You took it off a wight on level 9 of the Dungeon)
Armour
 a - a +0 robe
 p - a +2 helmet
   (You took it off Robin on level 2 of the Dungeon)
 x - a +1 helmet of intelligence (worn)
   (You found it on level 9 of the Dungeon)
 z - a +0 troll leather armour {regen}
   (You found it on level 7 of the Dungeon)
 E - a +0 robe of resistance (worn)
   (You took it off an orc wizard on level 6 of the Dungeon)
Magical Staves
 F - an uncursed staff of power (weapon) {MP+17, !a}
   (You found it on level 6 of the Dungeon)
Jewellery
 g - a ring of protection from magic (left claw) {MR+, !d}
   (You found it on level 1 of the Dungeon)
 t - a ring of stealth (right claw) {Stlth+}
   (You found it on level 7 of the Dungeon)
 N - an uncursed ring of resist corrosion
   (You found it on level 9 of the Dungeon)
Wands
 r - a wand of digging (12)
   (You took it off Robin on level 2 of the Dungeon)
 K - a wand of flame (21)
   (You found it on level 9 of the Dungeon)
 L - a wand of paralysis (11)
   (You found it on level 9 of the Dungeon)
Scrolls
 d - 5 scrolls of identify
 h - 8 scrolls of teleportation
 j - 5 scrolls of amnesia
 k - a scroll of fog
 A - a scroll of enchant armour
 D - 3 scrolls of magic mapping {unknown}
 M - a scroll of remove curse
Potions
 f - 3 potions of might
 i - 4 potions of agility
 l - a potion of mutation {unknown}
 m - a potion of heal wounds
 o - a potion of curing {unknown}
 q - a potion of cancellation {unknown}
 s - 2 potions of brilliance {unknown}
 u - 2 potions of haste
 w - a potion of flight {unknown}
 H - a potion of magic {unknown}
 I - a potion of berserk rage {unknown}
Books
 b - a book of Flames
 B - a book of Changes
   (You found it on level 9 of the Dungeon)
Comestibles
 c - 5 rations {@e1}
 O - 3 chunks of flesh {@w0}


   Skills:
 + Level 4.9 Fighting
 + Level 4.9 Dodging
 - Level 1.7 Stealth
 - Level 5.5 Spellcasting
 + Level 9.5 Conjurations
 - Level 8.0 Fire Magic


You had 6 spell levels left.
You knew the following spells:

 Your Spells              Type           Power        Failure   Level  Hunger
a - Flame Tongue          Conj/Fire      #####        1%          1    None
b - Freeze                Ice            #...         11%         1    None
c - Conjure Flame         Conj/Fire      #####...     1%          3    ##.....
f - Fireball              Conj/Fire      #####.....   8%          5    #####..
s - Sticky Flame          Conj/Fire      #####...     2%          4    ####...


Dungeon Overview and Level Annotations

Branches:
Dungeon (9/15)             Temple (1/1) D:5             Orc (0/2) D:9
   Lair: D:8-11

Altars:
Cheibriados
Dithmenos
Fedhas
Gozag
Hepliaklqana
Kikubaaqudgha
Nemelex Xobeh
Okawaru
Qazlal
Ru
Sif Muna
Trog
Uskayaw
Vehumet
Xom
Yredelemnul
The Shining One

Shops:
D:7 }   D:8 (

Annotations:
D:2 1 runed door
D:4 Sigmund


Innate Abilities, Weirdness & Mutations

You have sharp fingernails.
You are mostly covered in large bone plates. (SH +6)
Your flesh is cold resistant. (rC+)
You are slightly more attuned to the shadows.


Message History

Unknown command.
Memorise Freeze, consuming 1 spell level and leaving 6?
Vehumet grants you knowledge of Freeze.
You start memorising the spell.
You continue memorising.
You finish memorising.
Spell assigned to 'b'.
You see here an adder corpse.
A yak comes into view.
An acid dragon comes into view.
You see here an adder corpse.
You butcher the adder corpse.
O - 5 chunks of flesh {@w0} (gained 2)
You see here an adder skeleton.
You start resting.
Eating one of 5 chunks of flesh {@w0}.
You eat one of the 5 chunks of flesh {@w0}.
A crimson imp comes into view.
You regained 4 mp, and now have 20/33 mp.
You start resting.
Eating one of 4 chunks of flesh {@w0}.
You eat one of the 4 chunks of flesh {@w0}.
You regained 12 mp, and now have 32/33 mp.
You can't see any susceptible monsters within range! (Use Z to cast anyway.) MP restored: 33 The crimson imp is too close now for your liking.
The crimson imp shouts!
You hear a roar!
You hear a bellow! x2
You see here an adder skeleton.
You can't see any susceptible monsters within range! (Use Z to cast anyway.) Unknown command.
Aim: a crimson imp You freeze the crimson imp.
The crimson imp is frozen!
The yak bellows!
The crimson imp misses you.
You now have 32/33 mp.
Aim: a crimson imp (moderately wounded)
You freeze the crimson imp. The crimson imp hits you.
You take 4 damage, and have 69/73 hp.
You now have 31/33 mp.
Aim: a crimson imp (moderately wounded)
You freeze the crimson imp. The crimson imp barely misses you.
You now have 30/33 mp.
Aim: a crimson imp (moderately wounded)
You freeze the crimson imp.
The crimson imp blinks!
Aim: a crimson imp (moderately wounded)
You freeze the crimson imp.
The crimson imp is frozen!
The crimson imp hits you but does no damage.
You now have 29/33 mp.
Aim: a crimson imp (heavily wounded)
You freeze the crimson imp.
The crimson imp is frozen!
The yak barely misses you. The crimson imp barely misses you.
You now have 28/33 mp.
Aim: a crimson imp (severely wounded)
You freeze the crimson imp.
The crimson imp is frozen!
The yak gores you.
The crimson imp blinks!
You take 3 damage, and have 67/73 hp.
You now have 27/33 mp.
Aim: a yak The sticky flame hits the yak.
The yak is covered in liquid flames!
The yak burns!
The yak misses you. The acid dragon spits acid at you.
The splash of acid hits you! The acid corrodes you!
You are splashed with acid!
The acid burns!
You hear a shout!
You hear a bellow!
You take 20 damage, and have 47/73 hp.
MASSIVE DAMAGE!!
You now have 24/33 mp.
Aim: a yak (moderately wounded, covered in liquid flames)
The flame tongue hits the yak.
The yak appears unharmed.
The yak burns!
The yak gores you!
You take 16 damage, and have 31/73 hp.
MASSIVE DAMAGE!!
You now have 23/33 mp.
Aim: a yak (heavily wounded, covered in liquid flames)
The sticky flame hits the yak.
The yak is covered in liquid flames!
The yak burns!
The yak closely misses you.
You now have 19/33 mp.
Okay, then.
The yak burns!
The yak burns!
The yak closely misses you. The acid dragon bites you!
* * * LOW HITPOINT WARNING * * *
The acid dragon closely misses you.
The crimson imp blinks!
You take 15 damage, and have 16/73 hp.
MASSIVE DAMAGE!!
The yak burns!
You block the yak's attack.
The fireball explodes!
The fireball engulfs the yak.
You kill the yak!
Vehumet accepts your kill.
The fireball engulfs the acid dragon.
You hear a bellow! x2
You now have 15/33 mp.
Aim: an acid dragon (moderately wounded)
The sticky flame hits the acid dragon.
The acid dragon is covered in liquid flames!
The acid dragon burns!
The acid dragon spits acid at you. The splash of acid misses you.
You hear a bellow! x2
A jelly comes into view.
You now have 12/33 mp.
Aim: an acid dragon (severely wounded, covered in liquid flames, catching its breath)
The flame tongue hits the acid dragon.
The acid dragon burns!
The acid dragon bites you!
* * * LOW HITPOINT WARNING * * *
The acid dragon claws you.
You die...

.. ### ..#..# ....
.. ...###.. ...
#....... ⌠)..##
####)...... .#.
....#. #..#@......
... ##....
#..†D.###.J . ...
.....###.....# .#
..# #....÷..#..#
..# ..####
#.......#######..#
..#.!#
#..###..#..#..#..#
.†...#.....
#......#.....#
.#..###..#.
#..#..###....#
##.......##
####.........#


You could see an acid dragon (burning) and a jelly.

Vanquished Creatures
  A hydra (D:9)
  A two-headed ogre (D:9)
  A manticore (D:7)
  The ghost of mef the Shooter, a novice MiHu (D:5)
  A troll (D:7)
  A shadow (D:6)
  A yak (D:9)
  The ghost of sleeves the Sneak, an amateur OpNe (D:3)
  2 ice beasts (D:7)
  5 orc warriors
  4 ogres
  A centaur (D:8)
  2 bullfrogs
  A water moccasin zombie (D:6)
  A scorpion (D:5)
  A water moccasin skeleton (D:8)
  A wight (D:9)
  2 howler monkeys
  3 crimson imps
  2 centaur zombies
  2 bullfrog skeletons (D:5)
  7 hounds
  A centaur skeleton (D:5)
  6 orc priests
  A jelly (D:7)
  3 orc wizards
  An iguana (D:6)
  7 worker ants
  A worker ant zombie (D:8)
  Robin (D:2)
  A gnoll (D:3)
  7 adders
  A shadow imp (D:7)
  An ooze (D:3)
  4 worms
  2 dart slugs (D:1)
  6 leopard geckos
  16 orcs
  8 bats
  9 giant cockroaches
  8 hobgoblins
  17 jackals
  4 kobolds
  5 quokkas
  A ball python skeleton (D:4)
  4 frilled lizards
  A giant cockroach zombie (D:7)
  14 goblins
  A jackal skeleton (D:4)
  A leopard gecko skeleton (D:6)
  A quokka zombie (D:8)
  8 rats
  A spectral orc (D:6)
184 creatures vanquished.

Vanquished Creatures (others)
  8 bushes (D:6)
8 creatures vanquished.

Grand Total: 192 creatures vanquished

Notes
Turn   | Place    | Note
-------+----------+-------------------------------------------
     0 | D:1      | Firecrotchwizard the Demonspawn Fire Elementalist began the quest for the Orb.
     0 | D:1      | Reached XP level 1. HP: 13/13 MP: 3/3
   246 | D:1      | Gained mutation: You are slightly more attuned to the shadows. [demonic ancestry]
   246 | D:1      | Reached XP level 2. HP: 19/19 MP: 3/5
   487 | D:1      | Reached skill level 2 in Conjurations
   803 | D:1      | Reached skill level 3 in Fire Magic
   848 | D:1      | Reached XP level 3. HP: 24/24 MP: 4/6
   853 | D:1      | Learned a level 3 spell: Conjure Flame
  2312 | D:2      | Found a runed door.
  2358 | D:2      | Gained mutation: Your flesh is cold resistant. (rC+) [demonic ancestry]
  2358 | D:2      | Reached XP level 4. HP: 30/30 MP: 0/7
  2377 | D:2      | Reached skill level 3 in Conjurations
  2892 | D:3      | Noticed Robin
  2956 | D:2      | Killed Robin
  3171 | D:3      | Noticed sleeves's ghost (amateur OpNe)
  3506 | D:3      | Gained mutation: You are partially covered in large bone plates. (SH +4) [demonic ancestry]
  3506 | D:3      | Reached XP level 5. HP: 22/35 MP: 2/9
  3844 | D:3      | Reached skill level 3 in Spellcasting
  3947 | D:3      | HP: 5/35 [sleeves's ghost (5)]
  4453 | D:3      | Killed sleeves's ghost
  4453 | D:3      | Reached skill level 4 in Conjurations
  4721 | D:3      | Learned a level 4 spell: Sticky Flame
  5055 | D:4      | Noticed an ogre
  5291 | D:4      | Gained mutation: You are mostly covered in large bone plates. (SH +6) [demonic ancestry]
  5291 | D:4      | Reached XP level 6. HP: 41/41 MP: 8/11
  5506 | D:4      | Noticed Sigmund
  5949 | D:5      | Entered Level 5 of the Dungeon
  6075 | D:5      | Noticed mef's ghost (novice MiHu)
  6096 | D:4      | HP: 3/41 [orc priest/divine providence (9)]
  6098 | D:4      | Reached skill level 4 in Fire Magic
  6510 | D:5      | You fall through a shaft for 2 floors!
  6576 | D:7      | Found Nenak's Gadget Boutique.
  6607 | D:7      | Noticed an orc warrior
  6633 | D:7      | Killed an orc warrior
  6633 | D:7      | Reached skill level 5 in Conjurations
  6633 | D:7      | Reached XP level 7. HP: 32/46 MP: 4/12
  6637 | D:7      | HP: 9/46 [orc priest/flail (3)]
  6641 | D:7      | HP: 2/46 [orc priest/flail (7)]
  6965 | D:7      | Reached skill level 4 in Spellcasting
  6965 | D:7      | Reached skill level 5 in Fire Magic
  7184 | D:7      | Reached skill level 6 in Conjurations
  7311 | D:7      | Noticed a troll
  7315 | D:7      | Killed a troll
  7315 | D:7      | Reached XP level 8. HP: 52/52 MP: 12/14
  7510 | D:7      | Reached skill level 6 in Fire Magic
  7665 | D:7      | Noticed a manticore
  8232 | D:5      | Found a staircase to the Ecumenical Temple.
  8277 | Temple   | Entered the Ecumenical Temple
  8326 | Temple   | Became a worshipper of Vehumet
  8490 | D:5      | Reached skill level 7 in Conjurations
  8667 | D:5      | Reached skill level 5 in Spellcasting
  8901 | D:5      | Killed mef's ghost
  8989 | D:6      | Reached skill level 7 in Fire Magic
  8989 | D:6      | Gained mutation: You have sharp fingernails. [demonic ancestry]
  8989 | D:6      | Reached XP level 9. HP: 47/57 MP: 4/17
  9507 | D:6      | Reached skill level 8 in Conjurations
  9536 | D:6      | Learned a level 5 spell: Fireball
 10002 | D:6      | Reached skill level 2 in Dodging
 10168 | D:6      | Reached skill level 1 in Fighting
 10241 | D:6      | Found a basalt altar of Yredelemnul.
 10581 | D:7      | Killed a manticore
 10581 | D:7      | Reached skill level 2 in Fighting
 10796 | D:7      | Reached skill level 3 in Dodging
 11196 | D:8      | Reached * piety under Vehumet
 11196 | D:8      | Offered knowledge of Freeze by Vehumet.
 11360 | D:8      | Found Jirodot's Antique Weapon Emporium.
 11452 | D:8      | Reached skill level 3 in Fighting
 11604 | D:8      | Reached skill level 8 in Fire Magic
 12033 | D:9      | Found a staircase to the Orcish Mines.
 12159 | D:9      | Noticed a seven-headed hydra
 12186 | D:9      | HP: 16/64 [seven-headed hydra (4)]
 12186 | D:9      | HP: 2/64 [seven-headed hydra (14)]
 12188 | D:9      | Killed a seven-headed hydra
 12188 | D:9      | Reached skill level 4 in Fighting
 12188 | D:9      | Reached skill level 4 in Dodging
 12188 | D:9      | Reached skill level 9 in Conjurations
 12188 | D:9      | Reached XP level 10. HP: 3/72 MP: 18/18
 12553 | D:9      | Noticed a two-headed ogre
 12560 | D:9      | Killed a two-headed ogre
 12566 | D:9      | Learned a level 1 spell: Freeze
 12664 | D:9      | HP: 16/73 [acid dragon (15)]
 12668 | D:9      | HP: 3/73 [acid dragon (14)]
 12668 | D:9      | Slain by an acid dragon

Skill      XL: |  1  2  3  4  5  6  7  8  9 |
---------------+----------------------------+-----
Conjurations   | 2 3 4 5 6 7 9 |  9.5
Fire Magic     | 3 4 5 7 8 |  8.0
Spellcasting   | 3 4 5 |  5.5
Dodging        | 4 |  4.9
Fighting       | 4 |  4.9
Stealth        | |  1.7

Action                   |  1- 3 |  4- 6 |  7- 9 | 10-12 || total
-------------------------+-------+-------+-------+-------++-------
Melee: Club              |    16 |       |       |       ||    16
       Dagger            |    10 |    64 |   194 |       ||   268
       Whip              |       |       |     8 |       ||     8
       Staff             |       |       |     6 |       ||     6
 Cast: Flame Tongue      |    76 |   122 |   217 |     7 ||   422
       Conjure Flame     |     1 |     1 |     4 |       ||     6
       Sticky Flame      |       |     2 |    19 |     3 ||    24
       Freeze            |       |       |       |     7 ||     7
       Fireball          |       |       |       |     5 ||     5
Evoke: Wand              |       |       |     4 |       ||     4
  Use: Scroll            |       |     5 |     8 |       ||    13
       Potion            |       |       |     3 |       ||     3
 Stab: Sleeping          |     1 |     5 |     4 |       ||    10
  Eat: Chunk             |     4 |     4 |     8 |     3 ||    19
       Ration            |     1 |     2 |     4 |       ||     7
Armor: Robe              |    16 |    13 |    33 |     1 ||    63
Dodge: Dodged            |    42 |    36 |   109 |     9 ||   196
Block: Other             |       |    20 |    47 |     1 ||    68

Vault maps used:
D:1:      tarquinn_simple_flora_water_d
D:2:      uniq_crazy_yiuf_cottage
D:3:      uniq_robin
D:4:      uniq_sigmund
D:5:      minmay_temple_entry_mist, first_ration
D:6:      yredelemnul_forgotten_temple_becter, minmay_hedge_maze
D:7:      serial_shops, shop
D:8:      serial_shops, shop
D:9:      hangedman_cross_cluster, nicolae_overflow_hidden_temple, orc_0_dummy
Temple:   compressed_dpeg_circular_temple

Table legend:
 A = Turns spent in this place as a percentage of turns spent in the entire game.
 B = Non-inter-level travel turns spent in this place as a percentage of non-inter-level travel turns spent in the entire game.
 C = Inter-level travel turns spent in this place as a percentage of turns spent in this place.
 D = Turns resting spent in this place as a percentage of non-inter-level travel turns spent in this place.
 E = Turns spent auto-exploring this place as a percentage of non-inter-level travel turns spent in this place.
 F = Non-inter-level travel turns spent in this place divided by the number of levels of this place that you've seen.
                   A       B       C       D       E      F
               +-------+-------+-------+-------+-------+----------------------
         Total | 100.0 | 100.0 |   6.0 |  43.4 |  40.0 | 1191.4
       Dungeon |  99.5 | 100.0 |   5.5 |  43.4 |  40.0 | 1323.6
        Temple |   0.5 |   0.0 |  96.9 |   0.0 |   0.0 |   2.0
               +-------+-------+-------+-------+-------+----------------------

Table legend:
 A = Kills in this place as a percentage of kills in entire the game.
 B = Kills by you in this place as a percentage of kills by you in the entire game.
 C = Kills by friends in this place as a percentage of kills by friends in the entire game.
 D = Other kills in this place as a percentage of other kills in the entire game.
 E = Experience gained in this place as a percentage of experience gained in the entire game.
 F = Experience gained in this place divided by the number of levels of this place that you have seen.
                   A       B       C       D       E      F
               +-------+-------+-------+-------+-------+----------------------
         Total | 100.0 | 100.0 |   N/A |   N/A | 100.0 | 754.8
       Dungeon | 100.0 | 100.0 |   N/A |   N/A | 100.0 | 838.7
               +-------+-------+-------+-------+-------+----------------------
